Map: [ESL] Royal Blood

Players

TeebuL - Winner!

  • Race: Protoss Protoss
  • Spawn Location: 1:00

IGXY (XY)

  • Race: Terran Terran
  • Spawn Location: 7:00

Event: ESL SC2 Masters 2023 Summer (Regionals)

VOD

Have the link to the VOD?

Description

Time

  • Played on: May 2, 2023, 7:21 a.m.
  • Length: 16:48

All games in this series

Show
View Real Time Build Order
Export as new Build Order

TeebuL Protoss - Winner!

Build Orders: 1 Gate Expand, Chargelot Immortal, Dark Templar Rush 

Get SALT Encoding   

  12  0:00  Probe  
  13  0:12  Probe  
  14  0:18  Pylon  
  14  0:25  Probe (Chrono Boost)  
  15  0:37  Probe (Chrono Boost)  
  15  0:38  Gateway  
  16  0:45  Probe (Chrono Boost)  
  16  0:48  Assimilator  
  17  0:51  Probe  
  18  1:03  Probe  
  19  1:16  Probe  
  20  1:25  Cybernetics Core  
  20  1:34  Zealot  
  20  1:39  Nexus  
  22  1:47  Pylon  
  22  1:50  Probe  
  23  1:54  Assimilator  
  23  2:03  Adept (Chrono Boost)  
  23  2:05  Probe  
  23  2:07  Warp Gate  
  26  2:17  Probe (Chrono Boost)  
  27  2:27  Twilight Council  
  27  2:28  Probe (Chrono Boost)  
  28  2:30  Adept  
  30  2:40  Probe  
  31  2:49  Pylon  
  31  2:52  Probe  
  32  3:04  Probe x2  
  34  3:09  Dark Shrine  
  34  3:10  Gateway  
  34  3:16  Probe x2 (Chrono Boost)  
  36  3:26  Probe x2 (Chrono Boost)  
  38  3:31  Probe (Chrono Boost)  
  37  3:38  Probe  
  36  3:43  Probe  
  36  3:46  Gateway  
  37  3:50  Probe  
  36  3:55  Probe  
  36  3:59  Stalker  
  36  4:00  Robotics Facility  
  36  4:02  Probe  
  40  4:07  Probe  
  40  4:09  Shield Battery  
  41  4:14  Probe  
  42  4:22  Probe  
  42  4:23  Dark Templar x2  
  44  4:26  Probe (Chrono Boost)  
  45  4:34  Probe (Chrono Boost)  
  42  4:38  Probe (Chrono Boost)  
  42  4:45  Probe (Chrono Boost)  
  43  4:46  Probe (Chrono Boost)  
  43  4:49  Probe (Chrono Boost)  
  44  4:52  Probe  
  44  4:55  Stalker x2  
  49  5:00  Probe (Chrono Boost)  
  46  5:08  Probe (Chrono Boost)  
  46  5:12  Probe (Chrono Boost)  
  47  5:15  Charge  
  47  5:20  Probe (Chrono Boost)  
  46  5:22  Probe (Chrono Boost)  
  46  5:28  Probe (Chrono Boost)  
  46  5:31  Probe (Chrono Boost)  
  46  5:33  Probe (Chrono Boost)  
  47  5:37  Nexus  
  47  5:38  Probe  
  48  5:43  Probe  
  49  5:51  Probe  
  49  5:54  Warp Prism  
  49  5:55  Probe  
  51  6:03  Probe  
  52  6:07  Probe  
  52  6:10  Pylon  
  53  6:15  Probe  
  53  6:16  Pylon  
  54  6:27  Gateway  
  54  6:28  Probe  
  54  6:29  Immortal (Chrono Boost), Gateway x2  
  54  6:30  Gateway  
  54  6:31  Probe  
  60  6:34  Stalker  
  60  6:38  Zealot  
  64  6:41  Probe (Chrono Boost)  
  64  6:43  Probe (Chrono Boost)  
  64  6:45  Shield Battery  
  66  6:48  Pylon  
  66  6:50  Probe (Chrono Boost)  
  69  6:56  Probe (Chrono Boost)  
  69  6:58  Probe (Chrono Boost)  
  69  6:59  Probe (Chrono Boost)  
  74  7:01  Immortal  
  74  7:02  Probe (Chrono Boost)  
  74  7:04  Probe (Chrono Boost)  
  74  7:06  Probe  
  74  7:07  Sentry  
  79  7:12  Probe  
  79  7:13  Zealot x2  
  84  7:16  Probe  
  84  7:17  Robotics Bay  
  84  7:20  Assimilator  
  84  7:21  Pylon  
  84  7:22  Probe, Templar Archives  
  86  7:24  Probe  
  86  7:28  Pylon  
  87  7:31  Pylon  
  87  7:45  Psionic Storm  
  87  7:46  Zealot x7  
  101  7:51  Probe x2  
  101  7:53  Pylon, Assimilator  
  101  7:56  Immortal (Chrono Boost)  
  103  8:04  Pylon  
  107  8:05  Pylon  
  107  8:07  Pylon  
  107  8:13  Zealot x3  
  112  8:30  Zealot x4  
  120  8:43  Zealot x3  
  120  8:47  Probe  
  127  8:48  Probe  
  126  9:00  Zealot x3  
  106  9:05  Zealot  
  106  9:06  Zealot x2  
  106  9:08  Probe x2  
  108  9:10  Cybernetics Core  
  108  9:11  Probe  
  108  9:14  Forge x2  
  108  9:15  Assimilator  
  109  9:24  High Templar x3  
  109  9:28  Zealot  
  109  9:29  Zealot x2  
  122  9:31  Probe x2  
  122  9:33  Nexus  
  122  9:34  Protoss Ground Armor Level 1 (Chrono Boost), Protoss Ground Weapons Level 1 (Chrono Boost)  
  122  9:38  Pylon, Assimilator  
  123  9:39  Immortal (Chrono Boost)  
  123  9:43  Gateway  
  123  9:44  Gateway  
  127  9:52  Zealot x3  
  127  10:03  Zealot x3  
  133  10:14  Robotics Bay  
  133  10:17  Zealot, Robotics Facility  
  133  10:18  Zealot x2  
  133  10:21  Pylon  
  139  10:23  Pylon x2  
  137  10:29  High Templar x2  
  137  10:33  Pylon  
  129  10:48  High Templar  
  129  10:49  Zealot x5  
  139  10:53  Archon  
  137  11:00  Disruptor (Chrono Boost)  
  136  11:08  Zealot x2  
  136  11:09  Zealot x5  
  153  11:11  Disruptor (Chrono Boost)  
  153  11:15  Pylon  
  153  11:24  Extended Thermal Lance  
  153  11:29  Blink (Chrono Boost)  
  153  11:33  Nexus  
  153  11:34  Colossus  
  153  11:37  Zealot x3  
  165  11:41  Pylon  
  165  11:42  Pylon  
  165  11:52  Stalker x4  
  165  11:53  Stalker  
  163  11:56  Photon Cannon  
  163  11:57  Probe  
  163  11:58  Probe  
  155  12:05  Photon Cannon  
  155  12:08  Disruptor  
  152  12:12  Probe  
  149  12:24  Zealot x2  
  149  12:25  Zealot x5  
  149  12:29  Colossus  
  159  12:30  Probe x3  
  158  12:42  Probe  
  143  12:48  Probe, Shadow Stride (Chrono Boost)  
  134  12:55  Dark Templar x3  
  134  12:56  Dark Templar  
  140  12:59  Probe x2  
  141  13:14  Probe  
  142  13:22  Zealot x4  
  150  13:32  Dark Templar x3  
  143  13:40  Archon  
  136  13:44  Zealot x4  
  119  13:56  Probe  
  114  14:10  Dark Templar x3  
  112  14:20  Nexus  
  112  14:21  Pylon  
  112  14:23  Pylon  
  93  14:43  Cybernetics Core  
  93  14:45  Dark Templar  
  88  15:06  Gateway  
  87  15:23  Dark Templar  
  87  15:27  Shield Battery  
  89  15:30  Shield Battery  
  89  15:31  Shield Battery x2  
  87  15:53  Pylon  
  87  15:56  Stalker  
  85  16:04  Probe  
  86  16:06  Pylon x2  
  86  16:08  Pylon  
  86  16:16  Probe  
  87  16:24  Dark Templar x2  
  79  16:31  Archon  
  63  16:44  Robotics Facility  
Show
View Real Time Build Order
Export as new Build Order

IGXY Terran 

Build Orders:  

Get SALT Encoding   

  12  0:00  SCV  
  13  0:12  SCV  
  14  0:16  Supply Depot  
  14  0:24  SCV  
  15  0:38  SCV  
  15  0:39  Barracks  
  15  0:42  Refinery  
  16  0:50  SCV  
  17  1:02  SCV  
  18  1:14  SCV  
  19  1:26  Orbital Command, Marine  
  20  1:38  Command Center  
  20  1:49  Factory  
  20  1:52  SCV  
  21  2:00  Supply Depot  
  21  2:02  Barracks Reactor  
  21  2:05  SCV  
  22  2:09  Refinery  
  22  2:18  SCV  
  23  2:30  SCV  
  23  2:33  Hellion  
  23  2:36  Starport  
  26  2:38  Marine x2  
  26  2:42  SCV  
  29  2:49  Orbital Command  
  29  2:54  SCV  
  30  2:59  Widow Mine, Marine  
  30  3:01  Marine  
  34  3:06  SCV  
  35  3:13  Medivac  
  35  3:17  SCV  
  38  3:20  Widow Mine  
  38  3:26  SCV  
  41  3:29  SCV  
  42  3:38  SCV  
  42  3:40  Marine x2  
  42  3:41  SCV  
  46  3:43  Factory Tech Lab  
  46  4:00  Starport Tech Lab  
  46  4:02  Supply Depot  
  46  4:05  Liberator, Marine x2, SCV x2  
  53  4:13  Supply Depot  
  53  4:17  SCV  
  53  4:24  Marine x2, Siege Tank, SCV  
  54  4:26  Supply Depot  
  54  4:29  SCV  
  61  4:36  SCV  
  62  4:41  SCV  
  62  4:42  Marine  
  61  4:48  SCV, Starport Tech Lab  
  61  4:52  Engineering Bay  
  58  4:55  SCV  
  56  5:00  Marine x2, SCV  
  53  5:07  SCV  
  55  5:15  Raven  
  55  5:19  Missile Turret  
  53  5:23  SCV  
  53  5:24  SCV  
  53  5:27  Marine  
  53  5:28  Marine  
  55  5:31  Refinery  
  50  5:35  SCV  
  50  5:38  Siege Tank  
  54  5:46  SCV  
  54  5:47  Marine  
  55  5:57  Barracks, SCV  
  55  5:59  Marine  
  55  6:01  SCV  
  58  6:06  Supply Depot  
  58  6:07  Refinery  
  58  6:11  Siege Tank  
  61  6:18  Marine x2  
  61  6:21  SCV x2  
  65  6:27  Terran Infantry Weapons Level 1  
  65  6:28  Barracks  
  65  6:33  SCV x2  
  65  6:34  Supply Depot  
  65  6:36  Marine x2  
  65  6:38  Starport Reactor  
  69  6:44  Siege Tank  
  69  6:45  SCV  
  69  6:47  Marine  
  73  6:48  Stimpack  
  73  6:53  Supply Depot  
  74  6:54  Marine x2  
  74  6:55  Supply Depot  
  74  6:58  SCV x2  
  78  7:01  Supply Depot  
  78  7:05  Marauder  
  80  7:12  Marine x2  
  82  7:24  Command Center, Combat Shield  
  82  7:25  Marauder  
  82  7:27  Marauder  
  82  7:28  Factory Reactor  
  86  7:30  Marine x2, Medivac x2  
  92  7:37  SCV  
  92  7:38  SCV  
  93  7:49  Marauder x2, Marine  
  93  7:50  Marine  
  99  7:52  Missile Turret  
  99  8:01  Barracks, Medivac  
  99  8:02  Barracks  
  99  8:03  Medivac  
  103  8:12  Widow Mine x2  
  107  8:16  Marauder x2, Marine  
  107  8:19  Supply Depot  
  112  8:23  Terran Infantry Armor Level 1  
  112  8:28  Concussive Shells  
  112  8:30  Marine  
  112  8:34  Marine, Medivac  
  115  8:37  Marauder  
  118  8:43  SCV x2  
  122  8:48  Widow Mine  
  122  8:49  Widow Mine  
  122  8:55  SCV x2  
  123  8:58  Supply Depot  
  123  9:00  Supply Depot  
  123  9:01  Marauder x2  
  111  9:04  Marine x2  
  111  9:07  SCV  
  111  9:09  Barracks Reactor, Barracks Tech Lab  
  104  9:12  Ghost Academy  
  104  9:13  Viking x2  
  104  9:16  Orbital Command  
  104  9:29  Marauder x2, Marine  
  104  9:30  Marauder, Marine  
  112  9:33  Widow Mine  
  112  9:34  Widow Mine  
  116  9:40  Orbital Command  
  116  9:47  Marine x2, Viking  
  116  9:50  Viking  
  116  9:51  Marauder  
  124  9:55  Ghost Academy  
  124  10:00  Ghost x2  
  124  10:02  Marine x2  
  124  10:05  SCV x3  
  133  10:10  Supply Depot  
  133  10:11  Ghost  
  135  10:17  Viking  
  135  10:20  Viking  
  135  10:21  SCV x2  
  141  10:23  Refinery x2  
  141  10:25  Supply Depot  
  141  10:35  Orbital Command  
  136  10:39  Ghost  
  130  10:44  SCV x2  
  130  10:47  Marine x2, Ghost  
  130  10:48  Marine  
  130  10:49  Marine x2  
  129  10:56  Engineering Bay, Armory  
  124  11:02  SCV x2  
  124  11:03  SCV  
  126  11:05  Marine x3  
  126  11:07  Marine x2  
  126  11:08  Marine  
  132  11:16  Widow Mine x2, Marine  
  132  11:17  SCV, Medivac  
  140  11:20  SCV  
  140  11:23  Marine x3, SCV  
  140  11:25  Marine  
  146  11:30  Marauder x2  
  150  11:33  Marine  
  155  11:40  Widow Mine x2  
  155  11:41  Marine, SCV  
  155  11:43  Viking  
  155  11:44  Missile Turret  
  159  11:51  Viking  
  159  11:54  Marauder x2  
  158  11:55  SCV x2  
  158  11:56  Marauder  
  158  11:58  SCV  
  163  12:07  SCV x2  
  159  12:10  SCV  
  159  12:13  Viking  
  162  12:17  Marine x2, Marauder  
  162  12:19  Marine x2  
  158  12:35  Terran Infantry Armor Level 2  
  138  12:43  SCV x3  
  112  12:55  SCV x3  
  112  12:56  Marine x3  
  116  13:07  SCV x3  
  119  13:14  Marauder x2  
  119  13:19  Marauder, SCV x3  
  128  13:33  Marine x2  
  130  13:34  Marine  
  130  13:36  Marauder x2  
  130  13:40  Marine  
  131  13:51  Marine x2  
  118  14:08  Orbital Command  
  102  14:15  Orbital Command  
  84  14:55  SCV  
  84  15:06  Barracks Tech Lab  
  84  15:07  Barracks Tech Lab  
  84  15:09  Barracks Reactor  
  84  15:23  Starport Reactor  
  84  15:49  Orbital Command  
  59  16:27  SCV  
  59  16:28  Marine  
  59  16:29  Marine  
Tags
 
Add a new tag
Caveats
  • Supply blocks, unpowered buildings, or Contaminate may cause inaccurate times.
  • Supply counts are checked every 10 seconds.